[Event "*** Titled Tuesday Blitz"]
[Site "Chess.com"]
[Date "2020.11.03"]
[Round "5"]
[White "aleksey1203borisovi4"]
[Black "Aygehovit1992"]
[Result "0-1"]
[WhiteElo "2466"]
[BlackElo "2632"]
[TimeControl "180+1"]
[EndTime "10:59:35 PST"]
[Termination "Aygehovit1992 won by resignation"]

1. g3 d6 2. Bg2 g6 3. d3 Bg7 4.
Nc3 e5 5. Nf3 Nc6 6. O-O f5 7.
Bg5 Nf6 8. a3 h6 9. Bd2 O-O 10. b4 g5 11. b5 Ne7 12. Qb1 Be6 13. Qb4 f4 14. Ne4 Nf5 15. Nxf6+ Qxf6 16. Bc3 Qg6 17.
Bb2 Rae8 18. Nd2 d5 19. Qc5 Qf7 20. a4 b6 21. Qc6 Nd4 22. Bxd4 exd4 23. a5 Rd8 24. axb6 cxb6 25. Rxa7 Qxa7 26. Qxe6+ Kh8 27. Bxd5 Rf6 28. Qe4 Qd7 29. Bc6 Qh3 30. Qe7 Rdf8 31. Ne4 R6f7 32. Qd6 g4 33. Bd7 Rd8 34. Bxg4 Rxd6 35.
Bxh3 Rd8 36. Be6 Rc7 37. Bb3 Be5 38. Kg2 Kg7 39. Rh1 Rf8 40. g4 Ra8 41. Kf3 Rca7 42. h4 Ra1 43. Rh2 Rg1 44. g5 h5 45. Rg2 Rh1 46.
Nd2 Re8 47. Nc4 Bc7 48. g6 Rh3+ 49. Rg3 fxg3 50. fxg3 Rxg3+ 51. Kf2 Rxg6 0-1

[Event "*** Titled Tuesday Blitz"]
[Site "Chess.com"]
[Date "2020.11.03"]
[Round "5"]
[White "Evgeny81"]
[Black "rynos0411"]
[Result "1-0"]
[WhiteElo "2723"]
[BlackElo "2487"]
[TimeControl "180+1"]
[EndTime "10:59:38 PST"]
[Termination "Evgeny81 won by resignation"]

1. Nf3 Nf6 2. c4 e6 3. g3 d5 4. Bg2 Be7 5. O-O O-O 6. d4 c6 7. b3 Nbd7 8. Bb2 b6 9. Nc3 Bb7 10. Nd2 Rc8 11. e4 dxe4 12. Ndxe4 Nxe4 13. Nxe4 Nf6 14.
Qc2 Qc7 15. Nxf6+ Bxf6 16. c5 Rfd8 17. Rfd1 Rd7 18. Rac1 Rcd8 19. cxb6 Qxb6 20. Qc5 Bxd4 21. Rxd4 Qxc5 22. Rxc5 Rxd4 23. Bxd4 Rxd4 24. Bxc6 Bxc6 25. Rxc6 g6 26. Ra6 Rd7 27. h4 h5 28. Kf1 Kg7 29.
Ke2 Kf6 30. Ke3 Ke5 31. Ra4 Rc7 32. Kd3 Kd5 33. Rd4+ Ke5 34. Ra4 Kd5 35. Ra5+ Kd6 36. b4 Rb7 37. a3 Rc7 38. Kd4 f6 39. Ra6+ Ke7 40. a4 Rb7 41. Kc5 g5 42. b5 Kd7 43.
Rd6+ Ke7 44. Rd2 Rc7+ 45. Kb4 gxh4 46. gxh4 e5 47. a5 Ke6 48. b6 axb6 49. axb6 Rb7 50.
Kc5 Kf5 51. Kc6 Rb8 52. Kc7 Rxb6 53. Kxb6 Kg4 54. Rd6 Kxh4 55. Rxf6 Kg5 56. Rf8 h4 57.
Kc5 Kg4 58. Kd5 h3 59. Kxe5 h2 60. Rh8 1-0

[Event "*** Titled Tuesday Blitz"]
[Site "Chess.com"]
[Date "2020.11.03"]
[Round "5"]
[White "Bigfish1995"]
[Black "kirillshevchenko"]
[Result "1-0"]
[WhiteElo "3019"]
[BlackElo "2875"]
[TimeControl "180+1"]
[EndTime "10:59:40 PST"]
[Termination "Bigfish1995 won by resignation"]

1. e4 c5 2. c3 Nf6 3. e5 Nd5 4.
d4 cxd4 5. Qxd4 e6 6. Nf3 d6 7. Bb5+ Bd7 8. Bxd7+ Qxd7 9. O-O Nc6 10. Qe4 dxe5 11. Nxe5 Nxe5 12. Qxe5 Qc7 13. Qxc7 Nxc7 14.
Nd2 O-O-O 15. Nf3 Bd6 16. Ng5 Rd7 17. Ne4 Rhd8 18. Be3 b6 19. Nxd6+ Rxd6 20. c4 Rd3 21. Rfc1 Kb7 22. Kf1 e5 23. g4 Ne6 24. Kg2 f6 25. h4 g6 26. Re1 f5 27. f3 h5 28. g5 Kc6 29. Rac1 a5 30. b3 R8d6 31. Bf2 Nf4+ 32. Kg3 e4 33. Be3 Ne6 34. f4 Nd4 35. Kf2 Nf3 36. c5 bxc5 37. Rxc5+ Kd7 38. Rec1 a4 39.
b4 Ra3 40. R5c2 Rdd3 41. Bc5 Nxh4 42. b5 Rf3+ 43. Ke1 Rad3 44. b6 Rh3 45. b7 Rh1+ 46. Ke2 Rh2+ 47. Bf2 Rf3 48. Rd2+ Ke6 49. Rc6+ Ke7 50.
Kd1 Rfxf2 51. Rxf2 Rxf2 52. b8=Q 1-0

[Event "*** Titled Tuesday Blitz"]
[Site "Chess.com"]
[Date "2020.11.03"]
[Round "5"]
[White "GelmanAlexander"]
[Black "beautroll"]
[Result "1-0"]
[WhiteElo "2577"]
[BlackElo "2383"]
[TimeControl "180+1"]
[EndTime "10:59:40 PST"]
[Termination "GelmanAlexander won on time"]

1. d4 Nf6 2. Nc3 d5 3. Bf4 g6 4. e3 Bg7 5. h4 c5 6. h5 Nxh5 7. Rxh5 gxh5 8. Qxh5 e6 9. Nb5 O-O 10. Nc7 Nc6 11. Nxa8 e5 12. dxe5 c4 13. O-O-O Qa5 14. Bh6 Bxe5 15. Nf3 Bf6 16. Rxd5 Qxa2 17. c3 Qa1+ 18.
Kc2 Nb4+ 19. cxb4 Qxb2+ 20. Kd1 Qb1+ 21. Ke2 Qc2+ 22. Nd2 c3 23. Bxf8 cxd2 24. Rxd2 Qc4+ 25. Kd1 Qxf1+ 26. Kc2 Qc4+ 27. Kb1 Qb3+ 28. Kc1 Qc4+ 29.
Rc2 Qf1+ 30. Kd2 Qxf2+ 31. Kd3 Bf5+ 32. e4 Bxe4+ 33. Kxe4 Qxc2+ 34. Kd5 Qb3+ 35. Kd6 Qxb4+ 36. Kc7 Qxf8 37. Kxb7 Qd8 38. Nc7 Qd7 39. Qg4+ Bg7 40.
Qxd7 h5 41. Ne8 Kh7 42. Nxg7 Kxg7 43. Kxa7 h4 44. Qh3 Kf6 45. Kb6 Kg5 46. Kc5 f5 47.
Kd4 f4 48. Ke4 Kh5 49. Kxf4 Kg6 50. Qxh4 1-0

[Event "*** Titled Tuesday Blitz"]
[Site "Chess.com"]
[Date "2020.11.03"]
[Round "5"]
[White "suyu28"]
[Black "Guenplen"]
[Result "1-0"]
[WhiteElo "2655"]
[BlackElo "2879"]
[TimeControl "180+1"]
[EndTime "10:59:41 PST"]
[Termination "suyu28 won by resignation"]

1. e4 c5 2. Nf3 e6 3. d4 cxd4 4.
Nxd4 Nf6 5. Bd3 Nc6 6. Nxc6 bxc6 7. O-O d5 8. Nc3 Be7 9. Re1 O-O 10. e5 Nd7 11. Bf4 Nc5 12. Bf1 Bg5 13. Bg3 a5 14. Qg4 g6 15. f4 Be7 16. Kh1 Rb8 17. b3 Ba6 18. Bxa6 Nxa6 19. Rad1 h5 20. Qe2 Nc5 21. Bf2 Qc8 22. Rf1 Qa6 23. Qf3 a4 24. Bxc5 Bxc5 25.
Nxa4 Be7 26. Qd3 Qxd3 27. cxd3 Ra8 28. Rc1 c5 29. Rf2 Ra5 30. Rfc2 Rfa8 31. Kg1 Rb5 32.
Kf2 h4 33. Kf3 g5 34. fxg5 Rb4 35. g3 Kg7 36. gxh4 Rxh4 37. Rg1 c4 38. dxc4 dxc4 39.
Rg4 Rh3+ 40. Rg3 Rxg3+ 41. hxg3 cxb3 42. axb3 Rb8 43. Rb2 Rb5 44. Nc3 Rxe5 45. Ne4 Bxg5 46. b4 Rb5 47. Nxg5 Rxg5 48. b5 Kf6 49. b6 Rg8 50. b7 Rb8 51. Ke4 Ke7 52. g4 Kd6 53. g5 Kc6 54. Ke5 Rxb7 55. Rxb7 Kxb7 56. Kf6 Kc6 57. Kxf7 e5 58. g6 e4 59. g7 e3 60.
g8=Q Kd5 61. Qg1 Ke4 62. Qe1 1-0

[Event "*** Titled Tuesday Blitz"]
[Site "Chess.com"]
[Date "2020.11.03"]
[Round "5"]
[White "Heineccius"]
[Black "ErikRonka"]
[Result "1-0"]
[WhiteElo "2543"]
[BlackElo "2375"]
[TimeControl "180+1"]
[EndTime "10:59:43 PST"]
[Termination "Heineccius won by resignation"]

1. d4 d5 2. c4 c6 3. Nf3 Nf6 4. e3 e6 5. b3 Nbd7 6. Bd3 Bd6 7. Bb2 b6 8. O-O Bb7 9. Qc2 O-O 10. Nc3 c5 11. cxd5 exd5 12. Rad1 Rc8 13. Qe2 Qe7 14. dxc5 bxc5 15. Ba6 Nb6 16. Bxb7 Qxb7 17.
Nb5 Be7 18. Bxf6 Bxf6 19. Nd6 Qc6 20. Nxc8 Rxc8 21. Rc1 a5 22. Rfd1 c4 23. Nd4 Qc5 24. bxc4 dxc4 25. Rc2 g6 26. Qf3 Bg7 27. Rb1 Nd7 28.
Rb5 Qa3 29. h3 Ne5 30. Qb7 Rf8 31. Rb1 Qa4 32. Qb5 Qa3 33. Qb2 Qe7 34. Qc3 Qg5 35.
f4 Nf3+ 36. Nxf3 Qc5 37. Qxc4 Qxe3+ 38. Kh1 h5 39. Qe2 Qa7 40. Rc4 Qa8 41. Rbc1 h4 42.
Qc2 Qb8 43. Rc8 Qxf4 44. Rxf8+ Bxf8 45. Rf1 Bd6 46. Qc8+ Kg7 47. Qg4 Qe3 48. Qd4+ Qxd4 49. Nxd4 Be5 50. Nb5 f5 51. Rd1 Kf6 52. Rd5 g5 53.
Na7 Ke6 54. Rxa5 g4 55. Ra6+ Kd5 56. Nc6 Bg3 57. Ne7+ Ke5 58. Ra5+ Ke4 59. Nxf5 gxh3 60. Nxg3+ 1-0

[Event "*** Titled Tuesday Blitz"]
[Site "Chess.com"]
[Date "2020.11.03"]
[Round "5"]
[White "Ashedu66"]
[Black "PlotnikovPavel"]
[Result "0-1"]
[WhiteElo "2237"]
[BlackElo "2453"]
[TimeControl "180+1"]
[EndTime "10:59:43 PST"]
[Termination "PlotnikovPavel won on time"]

1. d4 Nf6 2. Nf3 g6 3. c4 Bg7 4.
Nc3 d6 5. e4 O-O 6. h3 e5 7. d5 Na6 8. Bg5 h6 9. Be3 Nc5 10. Nd2 a5 11. a3 Bd7 12. b4 Na6 13.
Rb1 b6 14. Be2 Ne8 15. O-O f5 16. f3 f4 17. Bf2 h5 18. c5 bxc5 19. Bxa6 cxb4 20.
Be2 bxc3 21. Nc4 Qg5 22. Kh2 Qh6 23. Rb3 g5 24. Rxc3 Nf6 25. Kg1 Qg6 26. g4 fxg3 27. Bxg3 Bxh3 28. Rf2 h4 29. Bh2 g4 30. fxg4 Nxg4 31.
Bxg4 Bxg4 32. Rg2 Bxd1 33. Rxg6 Kh7 34. Rg2 Rg8 35. Kh1 Bf6 36. Rxg8 Rxg8 37. Bg1 Be2 38. Nd2 Bg4 39. Rxc7+ Rg7 40. Rxg7+ Bxg7 41. Kg2 Bf8 42.
Nc4 Bd7 43. Nxa5 Ba4 44. Nc4 Bc2 45. Nd2 Bd3 46. Be3 Be7 47. Kh3 Kg6 48. Bf2 Kh5 49. a4 Ba6 50. a5 Bd3 51. Be1 Bg5 52. Bf2 Bxd2 0-1

[Event "*** Titled Tuesday Blitz"]
[Site "Chess.com"]
[Date "2020.11.03"]
[Round "5"]
[White "IceBelka"]
[Black "lefonghua"]
[Result "1-0"]
[WhiteElo "2162"]
[BlackElo "2232"]
[TimeControl "180+1"]
[EndTime "10:59:44 PST"]
[Termination "IceBelka won by checkmate"]

1. e4 c5 2. Nf3 g6 3. d4 cxd4 4. Nxd4 Bg7 5. Nc3 Nc6 6. Be3 Nf6 7.
Bc4 Qa5 8. O-O O-O 9. h3 d6 10.
Re1 Bd7 11. Bb3 Rfc8 12. Nf3 b5 13. a3 Rab8 14. Qd2 Qd8 15. Rad1 a5 16. Bh6 a4 17.
Bxg7 Kxg7 18. Ba2 b4 19. Nd5 b3 20. cxb3 axb3 21. Bb1 Ne8 22. Qf4 e6 23. Nc3 Qf6 24.
Qe3 Qe7 25. h4 h5 26. e5 d5 27. Qf4 Na5 28. g4 Rc4 29. Rd4 Rxd4 30. Qxd4 hxg4 31. Qxg4 Nc7 32. h5 Be8 33. hxg6 fxg6 34. Kg2 Bf7 35. Rh1 Rh8 36. Rxh8 Kxh8 37. Ng5 Kg7 38. Ne2 Nc4 39. Qg3 Nb5 40. Nf4 Nd4 41.
Nxf7 Qxf7 42. Bxg6 Qe7 43. Bd3+ Kf8 44. Ng6+ Ke8 45.
Nxe7 Kxe7 46. Qg7+ Kd8 47. Qg8+ Kd7 48. Bxc4 dxc4 49.
Qf7+ Kc6 50. Qe8+ Kd5 51. Qd7+ Kxe5 52. Qc7+ Kd5 53. a4 Nc6 54. a5 c3 55. bxc3 b2 56.
Qb6 Ne5 57. Qxb2 Nc4 58. Qb5+ Ke4 59. Qxc4+ Kf5 60. a6 e5 61. a7 Kg5 62. a8=Q e4 63. Qaxe4 Kh5 64. Qed5+ Kg6 65. Qcc6+ Kg7 66. Qdd7+ Kf8 67.
Qcc8# 1-0

[Event "*** Titled Tuesday Blitz"]
[Site "Chess.com"]
[Date "2020.11.03"]
[Round "5"]
[White "BigAl"]
[Black "Morshynska"]
[Result "1/2-1/2"]
[WhiteElo "2468"]
[BlackElo "2253"]
[TimeControl "180+1"]
[EndTime "10:59:45 PST"]
[Termination "Game drawn by repetition"]

1. e4 e5 2. Bc4 Nf6 3. d3 Nc6 4. Nf3 Be7 5. O-O O-O 6. Re1 d6 7. a4 Na5 8. Ba2 c5 9. Bg5 Be6 10.
Bxf6 Bxf6 11. Nc3 Bxa2 12. Rxa2 Nc6 13. Nd2 Bg5 14. Nc4 Ne7 15. Nb5 Nc8 16. Qf3 a6 17. Nc3 b6 18. Nd5 Rb8 19. a5 b5 20. Ncb6 Na7 21. c3 Nc6 22. Qg4 Rb7 23. g3 g6 24.
f4 Bh6 25. f5 Qg5 26. Qxg5 Bxg5 27. f6 h5 28. h4 Bh6 29. Kg2 Re8 30. Kh3 Re6 31.
Rf1 Bf8 32. Raa1 Bh6 33. Rf2 Kh7 34. Na8 Re8 35. Nab6 Rg8 36. g4 hxg4+ 37. Kxg4 Rf8 38. Rh2 Rh8 39. h5 gxh5+ 40. Rxh5 Rg8+ 41. Kf3 Rg5 42. Rxg5 Bxg5 43. Nc8 Rb8 44. Nxd6 Kg6 45. Rg1 Rh8 46. Nc8 Rh3+ 47. Kg2 Rxd3 48. Kh1 Rd2 49. Nce7+ Kh5 50. Nf5 Bf4 51. Ng7+ Kh4 52. Nxf4 exf4 53. Nf5+ Kh3 54. Rf1 Rh2+ 55. Kg1 Rg2+ 56. Kh1 Rh2+ 57. Kg1 Rg2+ 58.
Kh1 Rh2+ 1/2-1/2

[Event "*** Titled Tuesday Blitz"]
[Site "Chess.com"]
[Date "2020.11.03"]
[Round "5"]
[White "Ajedrez_con_German"]
[Black "lamomiablanca"]
[Result "1-0"]
[WhiteElo "2471"]
[BlackElo "2254"]
[TimeControl "180+1"]
[EndTime "10:59:45 PST"]
[Termination "Ajedrez_con_German won by resignation"]

1. d4 Nf6 2. c4 c5 3. Nf3 cxd4 4.
Nxd4 Nc6 5. Nc2 g6 6. g3 Bg7 7.
Bg2 O-O 8. Nc3 d6 9. O-O Be6 10. b3 Qd7 11. Bb2 Bh3 12. Ne3 Bxg2 13. Kxg2 e6 14. Qd3 Rfd8 15. Rad1 Ne5 16. Qb1 Qc6+ 17. Kg1 a6 18. Ng2 b5 19. cxb5 axb5 20.
Rc1 Qb7 21. Nf4 b4 22. Na4 Ne4 23. Rc2 Ng5 24. f3 h5 25. Bxe5 Bxe5 26. Nd3 Bd4+ 27. Kg2 h4 28. Qc1 Nh7 29. Qf4 Bf6 30. Rfc1 e5 31.
Qe4 d5 32. Qxb4 Qd7 33. Qg4 Qe7 34. Rc7 Qe8 35. Ndc5 e4 36. Nb7 exf3+ 37. Qxf3 Rdc8 38. Rxc8 Rxc8 39. Nd6 Rxc1 40. Nxe8 Be5 41. Nb6 Kf8 42. Nxd5 Kxe8 43. Qe3 h3+ 44. Kxh3 f6 45. Qxc1 Ng5+ 46. Kg2 Ne4 47. Nf4 Kd7 48. Qe3 g5 49. Qxe4 gxf4 50.
gxf4 Bd6 51. Qf5+ Ke7 52. Kf3 Bc5 53. e4 Bd4 54. e5 fxe5 55. fxe5 Ke8 56. Ke4 Bxe5 57.
Qxe5+ 1-0

[Event "*** Titled Tuesday Blitz"]
[Site "Chess.com"]
[Date "2020.11.03"]
[Round "5"]
[White "WonderChampion"]
[Black "natelleka"]
[Result "1-0"]
[WhiteElo "2027"]
[BlackElo "2211"]
[TimeControl "180+1"]
[EndTime "10:59:45 PST"]
[Termination "WonderChampion won on time"]

1. e4 e5 2. Nf3 Nf6 3. Nxe5 Nxe4 4. Qe2 Qe7 5. Qxe4 d6 6. d4 dxe5 7. dxe5 Nc6 8. Bd3 Qxe5 9. Qxe5+ Nxe5 10. O-O Nxd3 11.
cxd3 Bf5 12. Re1+ Be7 13. Bd2 Rd8 14. Bb4 Be6 15. Bxe7 Kxe7 16. Rd1 Rhe8 17. Nc3 Kf8 18. d4 c6 19. Ne4 Bd5 20. Ng5 Re2 21. b3 f6 22. Nh3 Rb2 23. Nf4 Bf7 24. Kf1 g5 25. Ne2 Re8 26. Ng3 Bg6 27. h3 h5 28. d5 cxd5 29. Rxd5 h4 30. Nh1 Ree2 31. Rdd1 Bh5 32.
Rdc1 Red2 33. Rc8+ Ke7 34. Rc7+ Kd6 35. Rxb7 Rxa2 36.
Re1 Kc6 37. Rg7 Kb5 38. Rge7 Kb4 39. R7e3 a5 40. Re6 Kxb3 41. Rxf6 a4 42. Rfe6 a3 43. R6e3+ Kc4 44. g3 hxg3 45. Rxg3 Bf7 46. Rxg5 Rab2 47.
Rg4+ Kc3 48. Rg3+ Kc2 49. Rxa3 Ra2 50. Rg3 1-0

[Event "*** Titled Tuesday Blitz"]
[Site "Chess.com"]
[Date "2020.11.03"]
[Round "5"]
[White "boasovietica"]
[Black "ChristopherYoo"]
[Result "0-1"]
[WhiteElo "2537"]
[BlackElo "2854"]
[TimeControl "180+1"]
[EndTime "10:59:46 PST"]
[Termination "ChristopherYoo won on time"]

1. e4 c6 2. d4 d5 3. exd5 cxd5 4. Bd3 Nc6 5. c3 Nf6 6. Ne2 g6 7. O-O Bg7 8. Nd2 O-O 9. Nf3 Ne8 10. Bg5 h6 11. Bh4 Bg4 12. Nc1 Nd6 13. h3 Bf5 14. Bg3 Bxd3 15. Nxd3 Ne4 16. Bh2 e6 17. Re1 Rc8 18.
Nd2 Nxd2 19. Qxd2 Na5 20. Ne5 Nc4 21. Nxc4 Rxc4 22. Be5 b5 23. a3 Qb6 24. Re3 a5 25. h4 h5 26. Bxg7 Kxg7 27. Rae1 b4 28. axb4 axb4 29.
Rg3 bxc3 30. bxc3 Qd8 31. Qf4 Qf6 32. Qxf6+ Kxf6 33. Rf3+ Ke7 34. Re5 Rfc8 35. Ree3 Ra8 36. Kh2 Ra2 37. Kg3 Rc2 38. Rd3 Ra4 39. Rd1 Ra3 40. Rb1 Raxc3 41. Rb7+ Rc7 42. Rxc7+ Rxc7 43. Ra3 Rc4 44. Rd3 f6 45. Kf3 Kd6 46. Ke3 e5 47.
dxe5+ fxe5 48. g3 Ke6 49. Ra3 Kf5 50. Ra8 d4+ 51. Kd2 Kg4 52. Rg8 Rc6 53. Rf8 Rc3 54.
Rg8 Kf3 55. Rf8+ Kg2 56. Re8 Kxf2 57. Rxe5 Rxg3 58. Re6 Rg4 59. Kd3 Kg3 0-1

[Event "*** Titled Tuesday Blitz"]
[Site "Chess.com"]
[Date "2020.11.03"]
[Round "5"]
[White "Sviridov_Valery"]
[Black "IMJonathanCarlstedt"]
[Result "1-0"]
[WhiteElo "2720"]
[BlackElo "2517"]
[TimeControl "180+1"]
[EndTime "10:59:46 PST"]
[Termination "Sviridov_Valery won on time"]

1. Nf3 d6 2. g3 e5 3. Bg2 f5 4. O-O Nf6 5. c4 Be7 6. Nc3 O-O 7. c5 e4 8. cxd6 cxd6 9. Nd4 Nc6 10. Nxc6 bxc6 11. d3 d5 12. Na4 Be6 13. Be3 d4 14. Bg5 e3 15. Bxf6 Bxf6 16. Bxc6 Rc8 17. Bf3 f4 18. Rc1 Qd6 19. Rxc8 Rxc8 20. b3 exf2+ 21.
Kxf2 fxg3+ 22. hxg3 Bg5 23. Kg2 g6 24. Qe1 h5 25. Qa5 Bd8 26. Qe1 Bc7 27. Be4 Kg7 28.
Qf2 Qe5 29. Nc5 Bg8 30. Nd7 Qg5 31. Qf6+ Qxf6 32. Nxf6 Bd6 33. Nxg8 Rxg8 34. Rc1 Rf8 35. Rc6 Rf6 36. Rc4 Be5 37. b4 Ra6 38. Rc5 Kf6 39.
a4 Rxa4 40. Rc6+ Ke7 41. b5 Rb4 42. Rxg6 Rxb5 43. Rg5 a5 44. Rxh5 Kd6 45. Rh6+ Kc5 46. Re6 Kb4 47. Ra6 a4 48. Bc6 Ra5 49. Rb6+ Kc3 50. Rb5 1-0

[Event "*** Titled Tuesday Blitz"]
[Site "Chess.com"]
[Date "2020.11.03"]
[Round "5"]
[White "Kavyev_Ruslan"]
[Black "profofchess"]
[Result "0-1"]
[WhiteElo "2495"]
[BlackElo "2374"]
[TimeControl "180+1"]
[EndTime "10:59:46 PST"]
[Termination "profofchess won by checkmate"]

1. d4 Nf6 2. c4 e6 3. Nf3 c5 4.
d5 exd5 5. cxd5 d6 6. Nc3 g6 7. Nd2 Nbd7 8. e4 Bg7 9. Be2 O-O 10. O-O a6 11. a4 Rb8 12. Nc4 Nb6 13. Na3 Re8 14.
f3 Bd7 15. Bf4 Qe7 16. a5 Nc8 17. Nc4 Nh5 18. Be3 f5 19. Bf2 f4 20. Na4 Bb5 21. Qc2 g5 22. h3 Qf6 23. Rab1 Ne7 24.
Nab6 Rbd8 25. Rfd1 Ng6 26. b4 cxb4 27. Bd4 Qf7 28. Bxg7 Qxg7 29. Rxb4 Ng3 30. Bd3 h5 31.
Qb2 Qf7 32. Nd2 Bxd3 33. Na4 Bb5 34. Nc3 Ne5 35. Nxb5 Nd3 36. Qd4 Ne2+ 37. Kf1 Nxd4 38. Rxd4 axb5 39. Rxd3 Rc8 40. Rb3 Rc5 41. Rdb1 Qd7 42.
Rb4 Ra8 43. Nb3 Rc4 44. Nd4 Rxb4 45. Rxb4 Rxa5 46. Ne6 Ra4 47. Rb1 g4 48. Rc1 Rc4 49. Ra1 b4 50. Ra8+ Kf7 51. Rf8+ Ke7 52. Rh8 Kf6 53.
Rf8+ Kg6 54. Rg8+ Kh7 55. Rb8 b3 56. Nf8+ Kg7 57. Nxd7 Rb4 58. e5 b2 59. hxg4 b1=Q+ 60.
Kf2 Rb2# 0-1

[Event "*** Titled Tuesday Blitz"]
[Site "Chess.com"]
[Date "2020.11.03"]
[Round "5"]
[White "Evachess2006"]
[Black "BJthechessgod"]
[Result "0-1"]
[WhiteElo "1639"]
[BlackElo "2296"]
[TimeControl "180+1"]
[EndTime "10:59:47 PST"]
[Termination "BJthechessgod won on time"]

1. e4 c5 2. Nf3 Nc6 3. d4 cxd4 4. Nxd4 g6 5. Nxc6 bxc6 6. Bc4 Bg7 7. O-O Nf6 8. Nc3 O-O 9. Bg5 d6 10. Bb3 Rb8 11. Kh1 Nd7 12. Qd2 Nc5 13. Rad1 Be6 14. Bxe6 Nxe6 15. Be3 a5 16. b3 Nc7 17. Ne2 Nb5 18. f3 Qc7 19. Ng3 Nc3 20. Rde1 Nxa2 21. Bd4 Bxd4 22. Qxd4 Nb4 23. Qc3 c5 24. e5 d5 25. e6 f6 26. Rd1 Rfd8 27. f4 f5 28. Ne2 d4 29. Nxd4 Nd5 30. Qd3 cxd4 31. Qxd4 Qc3 32. Rf3 Qxd4 33. Rxd4 Nb4 34. c3 Rxd4 35. cxd4 Rc8 36. h4 Rc1+ 37. Kh2 Rd1 38. Rc3 Rxd4 39. Rc8+ Kg7 40. Ra8 Kf6 41. Rxa5 Kxe6 42. Ra7 Nd5 43. Rb7 Rxf4 44. Ra7 Rxh4+ 45. Kg1 Rg4 46. Ra6+ Ke5 47. Ra5 Ke4 48. Ra4+ Ke3 49. Ra3 Nf4 50. b4+ Ke4 51.
b5 Rxg2+ 52. Kf1 Rb2 53. Ra5 Kf3 54. Ra3+ Kg4 55. Kg1 e5 56. Ra5 e4 57. Kf1 Kf3 58.
Ke1 e3 59. Kd1 Nd3 0-1

[Event "*** Titled Tuesday Blitz"]
[Site "Chess.com"]
[Date "2020.11.03"]
[Round "5"]
[White "niki_2003"]
[Black "Chessdude1987"]
[Result "1/2-1/2"]
[WhiteElo "1936"]
[BlackElo "2294"]
[TimeControl "180+1"]
[EndTime "10:59:48 PST"]
[Termination "Game drawn - insufficient material"]

1. d4 Nf6 2. c4 c5 3. d5 e6 4. Nc3 exd5 5. cxd5 d6 6. g3 g6 7. Bg2 Bg7 8. Nf3 O-O 9. O-O Na6 10. Nd2 Nc7 11. a4 b6 12. Nc4 Ba6 13. Nd2 Re8 14. Re1 Nd7 15. e4 b5 16. Bf1 bxa4 17. Rxa4 Bxf1 18.
Kxf1 Nb6 19. f4 Nxa4 20. Nxa4 Qd7 21. Nc3 Qh3+ 22. Kg1 Bd4+ 23. Kh1 Bf2 24. Re2 Bxg3 25. Nf3 Rab8 26. e5 dxe5 27. d6 Nb5 28. Nd5 Bxf4 29. Nf6+ Kh8 30. Ng1 Qf5 31. Nxe8 Rxe8 32. Qf1 Bxc1 33. Qxc1 Nxd6 34. Qxc5 Ne4 35. Qe3 Ng5 36. Rf2 Qg4 37. Rg2 Qf4 38. Qxf4 exf4 39. Rxg5 f5 40. Rg2 Re3 41. Rf2 g5 42. h4 h6 43.
hxg5 hxg5 44. Nf3 g4 45. Nh4 f3 46. Nxf5 Re5 47. Nh4 Rh5 48. Rh2 Kg8 49. Nxf3 Rxh2+ 50. Nxh2 g3 51. Nf3 Kf7 52. Kg2 Ke6 53. Kxg3 Kd5 54.
Nd2 Kd4 55. Kf3 Kd3 56. b4 Kc3 57. b5 Kxd2 58. Ke4 Kc3 59. Kd5 Kb4 60. Kc6 Ka5 61. Kb7 Kxb5 62. Kxa7 1/2-1/2

[Event "*** Titled Tuesday Blitz"]
[Site "Chess.com"]
[Date "2020.11.03"]
[Round "5"]
[White "Onischuk_V"]
[Black "Beca95"]
[Result "1-0"]
[WhiteElo "2848"]
[BlackElo "2953"]
[TimeControl "180+1"]
[EndTime "10:59:49 PST"]
[Termination "Onischuk_V won by checkmate"]

1. e4 d6 2. d4 Nf6 3. Nc3 g6 4. f4 Bg7 5. Nf3 O-O 6. e5 Nfd7 7. h4 c5 8. e6 fxe6 9. h5 gxh5 10. Bd3 h6 11. Ne4 c4 12. Be2 Nc6 13. c3 b5 14. Rxh5 b4 15. Nf2 Nf6 16. Rh2 bxc3 17. bxc3 Rb8 18. Bxc4 Qc7 19. Bd3 e5 20. fxe5 dxe5 21.
Bxh6 exd4 22. Bxg7 Kxg7 23. Qd2 Kf7 24. cxd4 Nxd4 25.
Ng5+ Kg8 26. Rh4 Qe5+ 27. Nge4 Nf5 28. Qg5+ Kf7 29. Rc1 Rg8 30. Qf4 Qxf4 31. Rxf4 Ng3 32. Nxf6 exf6 33. Rc7+ Ke8 34. Rd4 Nf5 35. Rxc8+ Rxc8 36.
Bxf5 Rc1+ 37. Kd2 Ra1 38. g4 Rxa2+ 39. Ke3 Rg7 40. Ne4 Re7 41. Kf4 Kf7 42. Rd8 Kg7 43.
Rd1 Ra4 44. Rh1 Kg8 45. Rh6 Kg7 46. Rg6+ Kf7 47. Rxf6+ Kg7 48. Rc6 a5 49. Ra6 Kf7 50. g5 Kg7 51. g6 Re8 52. Ra7+ Kg8 53. g7 Rb4 54. Kf3 Rc4 55. Nf6# 1-0

[Event "*** Titled Tuesday Blitz"]
[Site "Chess.com"]
[Date "2020.11.03"]
[Round "5"]
[White "Crazy_girl99"]
[Black "Agoking701"]
[Result "1-0"]
[WhiteElo "2523"]
[BlackElo "2361"]
[TimeControl "180+1"]
[EndTime "10:59:49 PST"]
[Termination "Crazy_girl99 won by checkmate"]

1. Nf3 Nf6 2. g3 g6 3. Bg2 Bg7 4. O-O O-O 5. d4 d5 6. b3 c5 7. e3 Nc6 8. Bb2 Ne4 9. Nbd2 Bg4 10. h3 Bf5 11. g4 Nxd2 12. Qxd2 Be4 13. Rad1 f5 14.
Ne5 Nxe5 15. dxe5 e6 16. f3 fxg4 17. hxg4 d4 18. fxe4 Bh6 19. Rxf8+ Qxf8 20. Re1 Rd8 21. Bc1 Bxe3+ 22. Rxe3 dxe3 23. Qxe3 Rd1+ 24. Kh2 Qe7 25. Kg3 b6 26. Bf3 Rd8 27. Qg5 Qc7 28. Qf6 Re8 29. Bh6 Qf7 30. Qxf7+ Kxf7 31. Kf4 Rd8 32. Ke3 Rd7 33.
Bg5 a6 34. Be2 Rc7 35. a4 Ra7 36. Bd8 b5 37. axb5 axb5 38. Bxb5 Ra2 39. Bd3 Ra1 40.
Bb6 Rg1 41. Be2 Rg3+ 42. Kd2 c4 43. bxc4 Ke7 44. c5 Kd7 45. Bb5+ Kc8 46. c6 Ra3 47. c4 h5 48. gxh5 gxh5 49. Bc5 h4 50. Bxa3 h3 51. Bd6 h2 52. Ba6+ Kd8 53. c7+ Ke8 54.
c8=Q+ Kf7 55. Qd7+ Kg6 56. Qxe6+ Kg5 57. Qf6+ Kg4 58. Bc8+ Kg3 59. e6+ Kg2 60. Bxh2 Kh3 61. e7+ Kg2 62. Qg5+ Kh1 63. Qg1# 1-0

[Event "*** Titled Tuesday Blitz"]
[Site "Chess.com"]
[Date "2020.11.03"]
[Round "5"]
[White "Jungle_Jaguar"]
[Black "FontVella8"]
[Result "0-1"]
[WhiteElo "2618"]
[BlackElo "2492"]
[TimeControl "180+1"]
[EndTime "10:59:50 PST"]
[Termination "FontVella8 won by checkmate"]

1. e4 e5 2. Nf3 Nc6 3. Bb5 g6 4.
O-O Bg7 5. c3 Nge7 6. d4 exd4 7.
cxd4 a6 8. Ba4 b5 9. Bb3 O-O 10. Nc3 d6 11. h3 Na5 12. Bc2 c5 13. Bf4 Nec6 14. dxc5 dxc5 15. Nd5 Ra7 16. Bg5 f6 17. Be3 Qd6 18. b4 cxb4 19. Bxa7 Nxa7 20. Rb1 N7c6 21. Nd4 Bb7 22. Nxc6 Nxc6 23. Bb3 Kh8 24. Nb6 Nd4 25. Nd5 f5 26. Qd2 fxe4 27. Qxb4 Qe5 28. Ne3 Bc8 29.
Rfd1 Ne2+ 30. Kh1 Nc3 31. Rbc1 Nxd1 32. Bxd1 Be6 33. Bg4 Bxa2 34. Qa5 Bb3 35. Qxa6 h5 36. Bd7 Kh7 37. Bxb5 Rxf2 38. Bf1 Qg3 39. Qb5 Qxe3 40.
Rb1 Be6 41. Qb6 Qxb6 42. Rxb6 Rxf1+ 43. Kh2 Be5+ 44. g3 Bf5 45. Kg2 Rd1 46. Rb7+ Kh6 47. g4 Rd2+ 48. Kf1 hxg4 49. hxg4 Bxg4 50. Rb1 Rd1+ 51.
Rxd1 Bxd1 52. Kf2 Bf3 53. Kg1 Kg5 54. Kf1 Kf4 55. Kg1 e3 56. Kh2 Kg4+ 57. Kg1 Bg3 58. Kf1 e2+ 59. Kg1 e1=Q# 0-1

[Event "*** Titled Tuesday Blitz"]
[Site "Chess.com"]
[Date "2020.11.03"]
[Round "5"]
[White "MissingLife"]
[Black "esskeettit"]
[Result "1-0"]
[WhiteElo "2207"]
[BlackElo "2452"]
[TimeControl "180+1"]
[EndTime "10:59:53 PST"]
[Termination "MissingLife won by resignation"]

1. Nf3 d5 2. c4 e6 3. g3 Nf6 4. Bg2 Be7 5. O-O O-O 6. b3 c5 7. Bb2 Nc6 8. e3 b6 9. Qe2 Bb7 10. Rd1 Qc7 11. Nc3 Rad8 12. cxd5 exd5 13. d4 Rfe8 14.
Rac1 Qb8 15. dxc5 bxc5 16. Na4 Ne4 17. Nd2 Nb4 18. Nxe4 dxe4 19. Qg4 g6 20. Bxe4 Nxa2 21. Ra1 Nb4 22. Bxb7 Qxb7 23. Qc4 Qc6 24. Ba3 Qe6 25. Qxe6 fxe6 26. Bxb4 cxb4 27. Nb2 Bf6 28. Rxd8 Rxd8 29. Rb1 Bxb2 30. Rxb2 Rd3 31. Ra2 Rxb3 32. Rxa7 Rb1+ 33. Kg2 b3 34. h4 h5 35. Rb7 Kf8 36. Kf3 Ke8 37. Ke4 Kd8 38. f3 Kc8 39. Rb4 Kd7 40. Kf4 b2 41. Kg5 Kd6 42. Kxg6 Rf1 43. Rxb2 Rxf3 44. Rg2 Rxe3 45. Kg5 e5 46. Kxh5 Kd5 47. Kg5 e4 48. h5 Rf3 49. h6 e3 50. h7 Rf8 51. Kg6 Ke4 52. g4 Kf3 53. Rg1 Kf2 54. Ra1 e2 55. g5 Rd8 56. Ra2 Kf1 57. Rxe2 Kxe2 58. Kg7 Kf3 59. h8=Q Rxh8 60. Kxh8 Kf4 61. g6 Kf5 62. g7 Kf6 63. g8=Q 1-0